Map: Overgrown Facility

Players

Chevezquiu - Winner!

  • Race: Zerg Zerg
  • League: Diamond
  • Spawn Location: 3:00

GoldenVazh - Winner!

  • Race: Protoss Protoss
  • Spawn Location: 1:00

Throwfordays

  • Race: Protoss Protoss
  • League: Silver
  • Spawn Location: 9:00

Faust

  • Race: Zerg Zerg
  • League: Diamond
  • Spawn Location: 7:00

VOD

Have the link to the VOD?

Description

Time

  • Played on: Feb. 2, 2019, 11:25 p.m.
  • Length: 7:30
Show
View Real Time Build Order
Export as new Build Order

Chevezquiu Zerg - Winner!

Build Orders: Pool First, Zergling Baneling 

Get SALT Encoding   

  12  0:01  Drone  
  13  0:09  Drone  
  14  0:17  Overlord  
  14  0:36  Drone x3  
  17  0:46  Spawning Pool  
  16  0:50  Extractor  
  16  0:51  Drone  
  16  0:59  Drone  
  17  1:21  Hatchery  
  17  1:23  Drone  
  17  1:26  Drone  
  18  1:39  Queen  
  20  1:44  Zergling x2  
  21  1:49  Metabolic Boost  
  21  1:57  Overlord  
  21  2:01  Zergling x2  
  22  2:08  Overlord  
  22  2:15  Baneling Nest  
  22  2:30  Zergling x4  
  23  2:37  Zergling x4  
  23  2:43  Zergling x2  
  26  2:53  Zergling x6  
  26  2:54  Zergling x2  
  30  3:02  Baneling x2  
  30  3:05  Zergling x4  
  32  3:09  Zergling x2  
  32  3:37  Zergling x10  
  37  3:41  Queen  
  39  3:52  Baneling x2  
  39  4:09  Zergling x4  
  42  4:10  Zergling x2  
  42  4:15  Zergling x4  
  40  4:26  Zergling x4  
  40  4:27  Zergling x2  
  40  4:30  Zergling x2  
  44  4:32  Overlord x2  
  39  4:51  Drone x3  
  39  4:59  Baneling x5  
  32  5:05  Drone x2  
  32  5:06  Drone  
  33  5:10  Extractor  
  33  5:13  Drone x2  
  34  5:19  Drone  
  33  5:43  Drone x5  
  36  5:53  Drone x3  
  36  5:54  Drone  
  39  6:03  Lair  
  39  6:08  Queen  
  39  6:10  Extractor  
  39  6:13  Extractor  
  38  6:19  Drone x2  
  38  6:20  Drone  
  38  6:24  Hatchery  
  40  6:35  Roach Warren  
  39  6:42  Drone x2  
  39  6:43  Drone x6  
  47  6:51  Drone  
  48  7:00  Drone x2  
  52  7:09  Evolution Chamber  
  52  7:10  Drone x2  
  52  7:12  Evolution Chamber  
Show
View Real Time Build Order
Export as new Build Order

GoldenVazh Protoss - Winner!

Build Orders:  

Get SALT Encoding   

  1  0:00  Probe  
  12  0:05  Probe  
  14  0:15  Probe  
  15  0:26  Pylon  
  15  0:30  Assimilator  
  15  0:44  Probe  
  15  0:49  Gateway  
  16  0:56  Probe  
  17  1:07  Assimilator  
  17  1:08  Probe  
  18  1:16  Probe  
  18  1:24  Probe  
  20  1:34  Probe  
  21  1:41  Pylon  
  21  1:53  Nexus  
  21  2:01  Probe  
  22  2:12  Cybernetics Core  
  22  2:14  Probe  
  23  2:26  Probe  
  24  2:30  Warp Gate  
  23  2:37  Gateway  
  23  2:38  Probe  
  23  2:39  Gateway  
  24  2:45  Pylon  
  24  3:00  Pylon  
  24  3:02  Zealot  
  26  3:14  Shield Battery  
  26  3:17  Pylon  
  26  3:25  Zealot  
  28  3:35  Zealot  
  30  3:46  Probe x2  
  32  3:58  Probe x2  
  34  4:10  Probe x2  
  36  4:22  Probe x2  
  38  4:25  Zealot x2  
  38  4:26  Zealot  
  44  4:34  Probe x2  
  44  4:37  Twilight Council  
  46  4:41  Pylon  
  46  4:42  Assimilator  
  46  4:46  Probe x2  
  48  4:58  Probe x2  
  50  5:02  Zealot x3  
  56  5:10  Probe x2  
  58  5:14  Charge  
  52  5:22  Probe  
  52  5:23  Probe  
  54  5:32  Dark Shrine  
  54  5:34  Probe  
  54  5:35  Probe  
  50  5:47  Probe x2  
  50  5:59  Probe x2  
  52  6:11  Probe x2  
  54  6:14  Nexus  
  54  6:16  Pylon  
  54  6:18  Pylon  
  54  6:20  Pylon  
  54  6:23  Gateway, Probe x2  
  54  6:25  Gateway  
  56  6:27  Gateway  
  56  6:35  Probe x2  
  58  6:47  Probe x2  
  58  6:48  Dark Templar x2  
  58  6:49  Dark Templar  
  64  6:57  Pylon  
  64  6:58  Pylon  
  64  6:59  Probe x2  
  64  7:11  Probe x2  
  66  7:18  Dark Templar  
  66  7:19  Dark Templar  
  66  7:21  Dark Templar x2  
Show
View Real Time Build Order
Export as new Build Order

Throwfordays Protoss 

Build Orders:  

Get SALT Encoding   

  12  0:00  Probe  
  13  0:13  Probe  
  14  0:20  Pylon  
  14  0:25  Probe  
  15  0:38  Probe  
  15  0:41  Gateway  
  16  0:51  Assimilator, Probe  
  17  1:03  Probe  
  18  1:24  Gateway  
  18  1:28  Cybernetics Core  
  18  1:30  Zealot  
  20  1:47  Warp Gate  
  20  2:11  Adept  
  20  2:13  Nexus  
  22  2:19  Pylon  
  22  2:37  Adept  
  22  2:43  Assimilator  
  24  2:48  Assimilator  
  24  2:49  Probe  
  25  3:01  Probe  
  25  3:05  Stalker  
  28  3:16  Probe  
  29  3:28  Assimilator, Probe  
  30  3:40  Probe  
  31  3:47  Nexus  
  31  3:49  Assimilator  
  31  3:52  Probe  
  31  3:54  Assimilator, Probe  
  33  4:04  Probe  
  33  4:06  Probe  
  35  4:17  Pylon  
  35  4:18  Probe  
  35  4:19  Probe  
  37  4:30  Probe  
  37  4:31  Probe  
  39  4:42  Probe  
  39  4:43  Probe  
  41  4:47  Adept x2  
  41  4:51  Gateway  
  45  4:53  Gateway  
  45  4:54  Probe  
  45  4:55  Probe  
  39  5:06  Probe  
  40  5:14  Gateway  
  40  5:15  Gateway  
  40  5:18  Probe  
  41  5:26  Adept x2  
  44  5:29  Probe  
  44  5:30  Probe  
  44  5:41  Probe  
  43  5:43  Probe  
  43  5:49  Pylon  
  35  5:50  Pylon  
  35  5:52  Adept x2  
  35  5:53  Probe  
  35  5:55  Probe  
  39  5:58  Probe  
  39  6:05  Probe  
  39  6:07  Probe  
  39  6:10  Probe  
  40  6:17  Probe  
  41  6:19  Probe  
  41  6:22  Probe  
  43  6:26  Adept x2  
  43  6:29  Probe  
  43  6:31  Probe  
  49  6:34  Probe  
  50  6:41  Probe  
  50  6:44  Adept  
  50  6:45  Adept x3  
  50  6:46  Probe  
  60  6:54  Probe  
  61  6:58  Probe  
  62  7:06  Probe  
  63  7:15  Probe  
  62  7:18  Probe  
  51  7:23  Forge  
Show
View Real Time Build Order
Export as new Build Order

Faust Zerg 

Build Orders: Hatch First 

Get SALT Encoding   

  12  0:01  Drone  
  13  0:08  Drone  
  14  0:18  Extractor, Drone  
  15  0:23  Overlord  
  15  0:42  Drone x2  
  17  0:56  Hatchery  
  16  0:59  Drone  
  17  1:14  Spawning Pool  
  16  1:19  Extractor, Drone  
  16  1:23  Drone  
  17  1:35  Drone  
  17  1:36  Drone  
  19  2:01  Queen, Zergling x2  
  21  2:04  Overlord  
  21  2:08  Queen  
  24  2:09  Zergling x2  
  25  2:27  Zergling x4  
  25  2:28  Zergling x4  
  29  2:31  Metabolic Boost  
  29  2:55  Overlord  
  29  2:59  Overlord  
  29  3:00  Baneling Nest  
  28  3:16  Drone  
  28  3:17  Drone x4  
  34  3:20  Zergling x2  
  29  3:35  Zergling x6  
  29  3:37  Drone x2  
  33  3:43  Baneling x2  
  33  3:53  Zergling x6  
  36  4:07  Baneling x2  
  31  4:26  Zergling x8  
  34  4:33  Zergling x2  
  34  4:34  Zergling x14  
  39  4:45  Baneling x2  
  10  5:00  Drone  
  10  5:01  Drone x6  
  5  6:04  Drone x5  
  1  6:59  Drone x3  
  4  7:16  Drone x3  
Tags
 
Add a new tag
Caveats
  • Supply blocks, unpowered buildings, or Contaminate may cause inaccurate times.
  • Supply counts are checked every 10 seconds.